 Dungeon Crawl Stone Soup version 0.30.0-5-g1a98f26d00 (webtiles) character file.

Game seed: 162078145670561226

2173031 browni3141 the Ruinous (level 27, 141/141 (144) HPs)
             Began as a Vine Stalker Fire Elementalist on May 9, 2023.
             Was the Champion of Vehumet.
             Escaped with the Orb
             ... and 4 runes!
             The game lasted 03:43:20 (77152 turns).

browni3141 the Ruinous (VSFE)                      Turns: 77152, Time: 03:43:21

HP:   141/141 (144) AC: 20    Str: 17    XL:     27
MP:   45/45         EV:  9    Int: 43    God:    Vehumet [******]
Gold: 1379          SH: 25    Dex:  6    Spells: 13/70 levels left

rFire   + + +        z - staff of fire
rCold   + + +        B - +7 tower shield "Woepn" {rElec rF+ Dex-5}
rNeg    . . .        j - +3 scale mail of the Assorted Mystics {rPois rC+ Regen+}
rPois   +            g - +0 hat of Odghul {rPois Will+ rCorr Dex-4}
rElec   +            u - +1 cloak "Saot" {rF++}
rCorr   +            n - +4 pair of gloves of Hairiness {rPois rC- Int+6 Stlth+}
SInv    +            q - +0 pair of boots of the Hart {Drain Regen+ Int+3}
Will    +++++        w - amulet "Woll" {rElec Regen+ Str+4 Int+3}
Stlth   +            o - +6 ring of intelligence
HPRegen 3.63/turn    k - ring of Alaer {Contam rF+ rC+++ Will+ Str+2}
MPRegen 0.29/turn

%: guardian spirit
@: hasted, lightly drained, very quick
A: fangs 3, regeneration 1, magic shield, antimagic bite, no potion heal 2,
hooves 1, see invisible, clumsy 2, low MP 1, subdued magic 1
0: Orb of Zot
}: 4/15 runes: decaying, slimy, silver, gossamer
a: Renounce Religion


You escaped.
You worshipped Vehumet.
Vehumet was exalted by your worship.
You visited 10 branches of the dungeon, and saw 50 of its levels.
You visited the Abyss 2 times.
You visited 1 bazaar.
You also visited: Trove, Bailey and Ice Cave.

You collected 7466 gold pieces.
You spent 6087 gold pieces at shops.

Inventory:

Missiles
 J - 7 curare-tipped darts
 Z - 4 throwing nets
Armour
 g - the +0 hat of Odghul (worn) {rPois Will+ rCorr Dex-4}
   (You acquired it in a bailey)

   Dex:       It affects your dexterity (-4).
   rPois:     It protects you from poison.
   rCorr:     It protects you from acid and corrosion.
   Will:      It increases your willpower.
 j - the +3 scale mail of the Assorted Mystics (worn) {rPois rC+ Regen+}
   (You found it on level 3 of the Depths)

   rC:        It protects you from cold.
   rPois:     It protects you from poison.
   Regen:     It increases your rate of health regeneration.
 n - the +4 pair of gloves of Hairiness (worn) {rPois rC- Int+6 Stlth+}
   (You found it in a treasure trove)

   Int:       It affects your intelligence (+6).
   rC:        It makes you vulnerable to cold.
   rPois:     It protects you from poison.
   Stlth:     It makes you more stealthy.
 q - the +0 pair of boots of the Hart (worn) {Drain Regen+ Int+3}
   (You found it in a treasure trove)

   Int:       It affects your intelligence (+3).
   Regen:     It increases your rate of health regeneration.
   Drain:     It drains your maximum health when unequipped.
 u - the +1 cloak "Saot" (worn) {rF++}
   (You found it in a treasure trove)

   rF:        It greatly protects you from fire.
 B - the +7 tower shield "Woepn" (worn) {rElec rF+ Dex-5}
   (You found it in a treasure trove)

   Dex:       It affects your dexterity (-5).
   rF:        It protects you from fire.
   rElec:     It insulates you from electricity.
Magical Staves
 z - a staff of fire (weapon)
Jewellery
 b - the ring "Jyod" {Will++ MP+9 Str+5 Dex-4}
   (You found it on level 3 of the Swamp)

   [ring of magical power]

   Str:       It affects your strength (+5).
   Dex:       It affects your dexterity (-4).
   MP:        It affects your magic capacity (+9).
   Will:      It greatly increases your willpower.
 k - the ring of Alaer (right hand) {Contam rF+ rC+++ Will+ Str+2}
   (You found it on level 5 of the Pits of Slime)

   [ring of protection from fire]

   Str:       It affects your strength (+2).
   rF:        It protects you from fire.
   rC:        It renders you almost immune to cold.
   Contam:    It causes magical contamination when unequipped.
   Will:      It increases your willpower.
 o - a +6 ring of intelligence (left hand)
 w - the amulet "Woll" (around neck) {rElec Regen+ Str+4 Int+3}
   (You took it off an ironbound preserver on level 5 of the Vaults)

   [amulet of regeneration]

   Str:       It affects your strength (+4).
   Int:       It affects your intelligence (+3).
   rElec:     It insulates you from electricity.
   Regen:     It increases your rate of health regeneration.
 A - a ring of poison resistance
 G - a ring of fire
 R - a ring of protection from fire
 S - a +6 ring of strength
 Y - the ring "Nare" {Will+ SInv}
   (You took it off a deep elf high priest on level 3 of the Vaults)

   [ring of see invisible]

   SInv:      It lets you see invisible.
   Will:      It increases your willpower.
Wands
 f - a wand of roots (28)
 s - a wand of digging (12)
 y - a wand of light (18)
 P - a wand of paralysis (97)
 V - a wand of flame (56)
 W - a wand of mindburst (19)
Scrolls
 a - a scroll of torment
 e - 4 scrolls of silence
 p - 14 scrolls of poison
 t - 5 scrolls of magic mapping
 v - 6 scrolls of immolation
 x - 2 scrolls of butterflies
 E - 3 scrolls of fear
 F - 11 scrolls of fog
 H - 11 scrolls of teleportation
 I - 2 scrolls of blinking
 X - 2 scrolls of vulnerability
Potions
 c - 7 potions of cancellation
 d - 8 potions of mutation
 h - 5 potions of haste
 i - 4 potions of invisibility
 l - 10 potions of resistance
 m - 2 potions of magic
 C - 21 potions of curing
 D - 6 potions of flight
 K - 13 potions of ambrosia
 L - 7 potions of lignification
 M - 8 potions of might
 N - 11 potions of attraction
 Q - 5 potions of brilliance
 U - a potion of berserk rage
Miscellaneous
 r - a phantom mirror (inert)
 O - a box of beasts (inert)
 T - a lightning rod (4/4)


   Skills:
 - Level 15.0 Fighting
 - Level 8.0 Armour
 - Level 8.0 Dodging
 - Level 6.0 Stealth
 - Level 18.0 Shields
 + Level 22.0 Spellcasting
 * Level 23.0 Conjurations
 - Level 8.0 Translocations
 - Level 22.0 Fire Magic
 - Level 9.0 Air Magic
 - Level 8.0 Evocations


You had 13 spell levels left.
You knew the following spells:

 Your Spells              Type           Power      Damage    Failure   Level
a - Volatile Blastmotes   Fire/Tloc      100%       2d18      0%          3
b - Starburst             Conj/Fire      67%        6d18      0%          6
c - Plasma Beam           Fire/Air       59%        2x1d81    1%          6
d - Iskenderun's Battles  Conj           100%       2d15      0%          5
e - Passage of Golubria   Tloc           73%        N/A       1%          4
f - Fireball              Conj/Fire      67%        3d25      0%          5
g - Ignition              Fire           67%        3d18      1%          8
h - Fire Storm            Conj/Fire      67%        8d17      7%          9
i - Inner Flame           Hex/Fire       100%       N/A       1%          3
w - Flame Wave            Conj/Fire      100%       2d21      0%          4
x - Scorch                Fire           100%       2d9       0%          2
B - Blink                 Tloc           100%       N/A       1%          2

Your spell library contained the following spells:

 Spells                   Type           Power      Damage    Failure   Level
 Maxwell's Capacitive Co  Air            38%        ∞         69%         8
 Foxfire                  Conj/Fire      100%       2x1d9     0%          1
 Magic Dart               Conj           100%       1d8       0%          1
 Shock                    Conj/Air       100%       1d9       0%          1
 Searing Ray              Conj           100%       2d8       0%          2
 Static Discharge         Conj/Air       100%       2-7/arc   0%          2
 Iskenderun's Mystic Bla  Conj/Tloc      95%        2d18      0%          4
 Sticky Flame             Conj/Fire      100%       2d11      0%          4
 Sandblast                Erth           72%        2d16      1%          1
 Cigotuvi's Dreadful Rot  Necr/Pois/Air  100%       N/A       1%          2
 Poisonous Vapours        Pois/Air       100%       N/A       1%          2
 Dazzling Flash           Conj/Hex       100%       N/A       1%          3
 Gell's Gravitas          Tloc           73%        N/A       1%          3
 Hailstorm                Conj/Ice       85%        3d17      1%          3
 Mephitic Cloud           Conj/Pois/Air  82%        N/A       1%          3
 Stone Arrow              Conj/Erth      100%       3d13      1%          3
 Swiftness                Air            77%        N/A       1%          3
 Teleport Other           Tloc           73%        N/A       1%          3
 Vhi's Electric Charge    Tloc/Air       100%       N/A       1%          3
 Airstrike                Air            38%        2d(6-22)  1%          4
 Fulminant Prism          Conj/Hex       42%        3d19      1%          4
 Manifold Assault         Tloc           73%        N/A       1%          4
 Arcjolt                  Conj/Air       48%        1d58      1%          5
 Freezing Cloud           Conj/Ice/Air   41%        6-21      1%          5
 Irradiate                Conj/Tmut      42%        3d25      1%          5
 Conjure Ball Lightning   Conj/Air       48%        3x3d17    1%          6
 Iron Shot                Conj/Erth      42%        9d8       1%          6
 Orb of Destruction       Conj           56%        9d14      1%          7
 Necrotise                Necr           100%       1d9       2%          1
 Call Imp                 Summ           72%        N/A       3%          2
 Passwall                 Tmut/Erth      30%        N/A       3%          2
 Summon Lightning Spire   Summ/Air       60%        N/A       3%          4
 Spellforged Servitor     Conj/Summ      42%        N/A       5%          7
 Ozocubu's Armour         Ice            36%        N/A       7%          3
 Tukima's Dance           Hex            36%        N/A       7%          3
 Vampiric Draining        Necr           36%        2d8       7%          3
 Olgreb's Toxic Radiance  Pois           36%        N/A       7%          4
 Silence                  Hex/Air        30%        N/A       11%         5
 Summon Forest            Summ/Tloc      29%        N/A       13%         5
 Dispersal                Tloc           36%        N/A       14%         6
 Lee's Rapid Deconstruct  Erth           18%        3d11*     19%         5
 Yara's Violent Unravell  Hex/Tmut       18%        3d9       19%         5
 Animate Armour           Summ/Erth      72%        N/A       24%         4
 Cause Fear               Hex            18%        N/A       24%         4
 Ice Form                 Ice/Tmut       36%        N/A       24%         4
 Leda's Liquefaction      Hex/Erth       18%        N/A       24%         4
 Petrify                  Tmut/Erth      36%        N/A       24%         4
 Summon Ice Beast         Ice/Summ       36%        N/A       24%         4
 Agony                    Necr           36%        N/A       58%         5
 Alistair's Intoxication  Tmut/Pois      24%        N/A       58%         5
 Blade Hands              Tmut           18%        N/A       58%         5
 Metabolic Englaciation   Hex/Ice        18%        N/A       58%         5
 Summon Mana Viper        Hex/Summ       36%        N/A       58%         5
 Chain Lightning          Conj/Air       48%        3d64      65%         9
 Eringya's Noxious Bog    Tmut/Pois      18%        N/A       67%         6
 Storm Form               Tmut/Air       30%        N/A       98%         7
 Simulacrum               Ice/Necr       18%        N/A       99%         6
 Statue Form              Tmut/Erth      24%        N/A       99%         6
 Summon Cactus Giant      Summ           18%        N/A       99%         6
 Dragon Form              Tmut           18%        N/A       100%        7
 Enfeeble                 Hex            18%        N/A       100%        7
 Summon Hydra             Summ           18%        N/A       100%        7
 Death's Door             Necr           18%        N/A       100%        9
 Dragon's Call            Summ           18%        N/A       100%        9
 Shatter                  Erth           18%        3d17*     100%        9


Dungeon Overview and Level Annotations

Branches:
Dungeon (15/15)            Temple (1/1) D:6            Lair (5/5) D:11
  Swamp (4/4) Lair:2       Spider (4/4) Lair:2        Slime (5/5) Lair:4
    Orc (2/2) D:11            Elf (0/3) Orc:2        Vaults (5/5) D:13
  Crypt (0/3) Vaults:3     Depths (4/4) D:15            Zot (5/5) Depths:4
 Bailey (visited)           IceCv (visited)

Altars:
Ashenzari
Cheibriados
Dithmenos
Elyvilon
Fedhas
Gozag
Hepliaklqana
Kikubaaqudgha
Makhleb
Nemelex Xobeh
Okawaru
Qazlal
Ru
Sif Muna
Trog
Uskayaw
Vehumet
Wu Jian
Xom
Yredelemnul
Zin
The Shining One
Jiyva

Shops:
D:11 *   D:15 !?[   Orc:1 *   Orc:2 [![[   Vaults:1 :   Vaults:5 [
Depths:1 ?:[?

Portals:
Hell: Depths:1 Depths:2 Depths:3 Depths:4
Abyss: Depths:3
Pandemonium: Depths:2
Ziggurat: Depths:3

Annotations:
Vaults:4 exclusion: door
Depths:2 2 transporters, Amikeex's ghost, adept TrMo


Innate Abilities, Weirdness & Mutations

You have razor-sharp teeth.
Your natural rate of healing is unusually fast.
When hurt, damage is shared between your health and your magic reserves.
Your bite disrupts and absorbs the magic of your enemies.
Potions cannot restore your health.
You have large cloven feet.
You have supernaturally acute eyesight. (SInv)
You are very clumsy. (Dex -4)
Your magical capacity is low. (-10% MP)
Your spells are a little easier to cast, but a little less powerful.


Message History

You hit the hell beast but do no damage.
You bite the hell beast. You drain its power.
You feel invigorated.
The hell beast is lightly wounded.
You block the hell beast's attack. The hell beast tramples you.
You hold your ground!
You block the hell beast's attack. The hell beast closely misses you.
Lucyl comes into view.
You barely miss the hell beast. Your bite misses the hell beast.
The hell beast is lightly wounded.
You block the hell beast's attack. The hell beast tramples you.
You hold your ground!
You block the hell beast's attack. The hell beast tramples you.
You hold your ground!
You hit the hell beast but do no damage.
You burn the hell beast. You bite the hell beast!! You drain its power.
You feel invigorated.
The hell beast is moderately wounded.
Lucyl barely misses you. You block the hell beast's attack.
The hell beast tramples you but does no damage.
Lucyl gestures.
You block the hell beast's attack. x2
You hit the hell beast. You burn the hell beast!!
Your bite misses the hell beast.
The hell beast is heavily wounded.
Lucyl hits you! You block the hell beast's attack. The hell beast tramples you.
You hold your ground!
Lucyl gestures.
The hell beast bites you but does no damage.
You block the hell beast's attack. The rust devil hits you!
The rust devil corrodes you!
You hit the hell beast but do no damage.
You burn the hell beast. Your bite misses the hell beast.
The hell beast is severely wounded.
The rust devil disappears in a puff of smoke!
Lucyl hits you!! The hell beast bites you! The hell beast closely misses you.
Lucyl hits you!!! You block the hell beast's attack. x2
The chaos spawn gores you but does no damage.
You block Lucyl's attack.
Blink to where?
Press: ? - help, Dir - move target
As you read the scroll of blinking, it crumbles to dust.
You climb upwards.
There is a stone staircase leading down here.
(D) Dungeon (T) Temple (L) Lair (S) Swamp (N) Spider Nest (M) Slime Pits (O) Orcish Mines (E) Elven Halls (V) Vaults (C) Crypt (U) Depths (H) Hell (Z) Zot
Where to? (Enter - D:1 @ (x,y), ? - help)
You are no longer corroded.
There is a stone staircase leading up, spattered with blood here.
You climb upwards.
There is a stone staircase leading down, spattered with blood here.
You see here a +0 flail.
HP restored.
There is an open door here.
There is a stone staircase leading up here.
You climb upwards.
There is a stone staircase leading down here.
There is a stone staircase leading up here.
You climb upwards.
There is a stone staircase leading down here.
There is a stone staircase leading up here.
You climb upwards.
There is a stone staircase leading down here.
There is a stone staircase leading up here.
You climb upwards.
There is a stone staircase leading down here.
There is a stone staircase leading up here.
You climb upwards.
There is a stone staircase leading down here.
There is a stone staircase leading up here.
Magic restored.
You climb upwards.
There is a stone staircase leading down here.
There is a stone staircase leading up here.
You climb upwards.
There is a stone staircase leading down here.
A demonspawn corrupter, a shadow demon and a demonspawn black sun come into view.
You feel yourself speed up.
The demonspawn black sun shouts!
The demonspawn corrupter mumbles some strange prayers to Lugonu against you.
The shadow demon gestures.
The demonspawn black sun invokes the aid of Kikubaaqudgha against you.
The bolt of negative energy hits the demonspawn corrupter.
The demonspawn corrupter completely resists.
The bolt of negative energy hits you!
You feel drained.
There is a stone staircase leading up here.
You climb upwards.
There is a stone staircase leading down here.
(D) Dungeon (T) Temple (L) Lair (S) Swamp (N) Spider Nest (M) Slime Pits (O) Orcish Mines (E) Elven Halls (V) Vaults (C) Crypt (U) Depths (H) Hell (Z) Zot
Where to? (Enter - D:1 @ (x,y), ? - help)
You see here a +0 hand axe.
Magic restored.
There is a stone staircase leading up here.
You climb upwards.
There is a stone staircase leading down here.
There is a staircase leading out of the dungeon here.
You have escaped!

###.........# ##......#######..
##........#.#####...........#....
......#.###.............###.#.##.
##......#P.............P# #.#.##.
#....###≈P...........P≈# #.#.##.
###..# #≈~P.........P≈≈###.#....
#####.# #≈≈~P.......P≈≈≈#........
......###≈≈~~P.....P~~≈≈#........
.......##≈≈~~~P.@.P~~≈≈≈#........
........#≈≈≈~P.....P~≈≈≈#........
...)).#.#≈~~P.......P~≈≈#...[....
......#.#≈~P.........P~≈#...#....
......#.#≈P.......(...P~#.###....
......#.#P.............P#.# #....
......#.............####..# #....
.....)#############...##.## #....
####### ###....# #....


There were no monsters in sight!

Vanquished Creatures
  the Royal Jelly (Slime:5)
  5 orbs of fire
  5 dread liches
  7 ancient liches
  A juggernaut (Depths:4)
  3 Killer Klowns (Zot:5)
  Boris (twice) (Depths:4 Vaults:5)
  Parghit (Zot:3)
  A caustic shrike (Depths:2)
  Saint Roka (Orc:2)
  3 curse toes
  16 golden dragons
  Nikola (Vaults:2)
  A bone dragon (Abyss:3)
  A Tzitzimitl (Zot:1)
  4 electric golems
  Jorgrun (D:14)
  18 tentacled monstrosities
  Mlioglotl (Swamp:4)
  A walking crystal tome (Depths:3)
  3 walking earthen tomes
  25 Orb Guardians (Zot:5)
  2 liches
  2 titans (Vaults:5)
  19 acid blobs
  5 quicksilver dragons
  Gastronok (Lair:2)
  8 sphinxes
  3 Executioners
  Kirke (Lair:2)
  10 death cobs
  A storm dragon (shapeshifter) (D:10)
  3 shadow dragons
  4 tengu reavers
  16 storm dragons
  A revenant (Vaults:3)
  7 fire giants
  Donald (Slime:1)
  6 draconian monks
  10 azure jellies
  2 draconian knights
  8 rockslimes
  2 deep elf sorcerers (Vaults:5)
  Aizul (Depths:1)
  12 frost giants
  14 vault wardens
  An iron dragon (Depths:3)
  3 emperor scorpions
  A balrug (Depths:3)
  2 draconian scorchers
  5 draconian shifters
  A cacodemon (Abyss:3)
  An angel (Zot:1)
  A curse skull (Vaults:3)
  6 ghost moths
  An orc warlord (Vaults:2)
  4 draconian stormcallers
  2 draconian annihilators
  2 reapers
  31 ironbound preservers
  3 war gargoyles
  11 quicksilver oozes
  6 broodmothers
  33 very ugly things
  12 stone giants
  4 ironbound thunderhulks
  7 green draconians
  3 deep elf demonologists (Vaults:5)
  Nessos (Lair:3)
  A lorocyproca (Depths:3)
  5 purple draconians
  17 dire elephants
  A deep elf annihilator (Vaults:5)
  3 eleionomae
  10 black draconians
  7 red draconians
  9 white draconians
  5 spark wasps
  A bunyip (Swamp:3)
  5 yellow draconians
  A spark wasp (shapeshifter) (Depths:2)
  5 starcursed masses
  An eidolon (Abyss:3)
  A deep elf death mage (Vaults:5)
  4 fire dragons
  A green death (Zot:1)
  A merfolk javelineer (Depths:3)
  10 ettins
  18 yaktaur captains
  2 crystal guardians (Vaults:4)
  Josephine (D:10)
  14 great orbs of eyes
  4 deep elf high priests
  8 entropy weavers
  Fannar (D:10)
  The ghost of bungle the Severer, a journeyman MiBe of Trog (Orc:2)
  A jiangshi (Vaults:3)
  5 rakshasas
  37 vault guards
  2 peacekeepers
  Erolcha (D:10)
  19 hydras
  2 ogre magi (Orc:2)
  4 ice dragons
  14 centaur warriors
  9 spriggan air magi
  6 catoblepae
  6 radroaches
  6 boulder beetles
  2 jorogumos
  A death knight (D:15)
  4 ironbound frosthearts
  11 two-headed ogres
  3 ghost crabs
  The ghost of Haraddelas the Transmogrifier, a journeyman OpTm of Okawaru (Lair:2)
  4 hell hogs (Depths:4)
  8 death yaks
  A death scarab (Spider:3)
  10 deep troll earth magi
  6 deep troll shamans
  2 thrashing horrors (Abyss:3)
  5 alligators
  A vampire mage (Depths:2)
  Urug (Lair:1)
  9 spriggan berserkers
  10 tengu warriors
  2 hell knights
  5 spriggans
  3 skysharks
  A shadow wraith (Vaults:5)
  A soul eater (Depths:2)
  3 sun demons
  7 skeletal warriors
  5 sun moths
  Amaemon (Lair:3)
  11 iron trolls
  2 sixfirhies (Abyss:3)
  6 pharaoh ants
  4 wretched stars
  6 goliath frogs
  A salamander mystic (Depths:3)
  3 spriggan druids (Swamp:4)
  A death drake (Abyss:2)
  A swamp dragon (shapeshifter) (D:10)
  17 orb spiders
  Lodul (D:14)
  16 wizards
  14 swamp dragons
  An obsidian statue (Zot:5)
  8 glowing orange brains
  An orb spider (shapeshifter) (Vaults:5)
  A shadow demon (Depths:1)
  A spriggan simulacrum (Abyss:2)
  A tengu zombie (Vaults:3)
  4 flayed ghosts
  10 orc knights
  9 bog bodies
  93 deep trolls
  22 ironbound convokers
  An orange crystal statue (D:14)
  A deep elf archer (D:10)
  3 phantasmal warriors
  6 necromancers
  12 lindwurms
  9 steelbarb worms
  24 wolf spiders
  A deep elf pyromancer (D:15)
  A mana viper (shapeshifter) (Vaults:5)
  51 ugly things
  An oklob plant (Lair:1)
  8 orc sorcerers
  3 manticores
  2 fauns (shapeshifter)
  A deep elf zephyrmancer (D:15)
  3 salamanders
  A human zombie (Vaults:5)
  5 shining eyes
  6 will-o-the-wisps
  2 worldbinders (Abyss:3)
  8 cyclopes
  31 moths of wrath
  A moth of wrath (shapeshifter) (Vaults:5)
  8 elephants (Lair:3)
  2 human skeletons
  4 eyes of devastation (Slime:5)
  6 demonic crawlers
  7 torpor snails
  Maurice (Orc:1)
  2 apocalypse crabs
  2 naga magi (Depths:1)
  19 vault sentinels
  13 smoke demons
  10 cane toads
  4 gargoyles
  3 unseen horrors
  2 orange demons
  2 efreet
  2 naga skeletons
  4 kobold demonologists
  2 elf zombies
  18 yaktaurs
  A hellion (Abyss:3)
  5 rime drakes
  11 komodo dragons
  A yaktaur skeleton (Vaults:4)
  8 tengu conjurers
  An ice devil (Abyss:2)
  3 polar bears
  4 freezing wraiths
  12 trolls
  5 ancient zymes
  6 tyrant leeches
  The ghost of Jase the Cleaver, an amateur HOFi (D:6)
  A bloated husk (Swamp:4)
  A hellwing (Depths:2)
  33 tarantellas
  A tyrant leech (shapeshifter) (Vaults:3)
  A blink frog (shapeshifter) (D:14)
  16 hornets
  19 raiju
  16 blink frogs
  A slime creature (shapeshifter) (Vaults:5)
  136 slime creatures
  31 jumping spiders
  A deep troll zombie (Vaults:5)
  31 culicivoras
  2 human simulacra
  A jumping spider (shapeshifter) (D:15)
  Sigmund (D:2)
  A deep troll skeleton (Vaults:5)
  46 yaks
  4 shadows
  9 wraiths
  The ghost of LobsterGuardian the Ducker, an amateur GnMo (D:5)
  2 humans (D:10)
  A water elemental (Depths:3)
  3 ynoxinuls
  3 basilisks
  5 hogs (Lair:3)
  4 wyverns
  6 neqoxecs
  A steam dragon (D:7)
  Grum (D:8)
  51 redbacks
  4 vampire mosquitoes
  22 large abominations
  20 swamp worms
  9 wargs
  A glowing shapeshifter zombie (Vaults:5)
  3 acid dragons
  11 water moccasins
  A floating eye (shapeshifter) (Vaults:5)
  7 swamp drakes
  24 orc warriors
  3 black bears
  An ice beast (D:6)
  26 ogres
  13 centaurs
  7 boggarts (Vaults:1)
  25 wolves
  3 phantoms (D:11)
  2 kobold brigands
  11 bullfrogs
  3 gnoll sergeants
  6 scorpions
  11 wights
  14 small abominations
  3 killer bees (D:8)
  4 electric eels (Bailey)
  10 howler monkeys
  A lava snake (D:7)
  A crimson imp (Abyss:2)
  4 jellies
  3 hounds (D:5)
  13 orc priests
  2 iguanas
  2 iron imps (Abyss:3)
  A sleepcap (D:4)
  14 orc wizards
  8 ogre zombies (D:11)
  16 gnolls
  9 adders
  A shadow imp (D:8)
  4 white imps
  6 ufetubi
  3 worms
  4 dart slugs
  68 orcs
  3 ball pythons
  5 bats
  8 endoplasms
  3 giant cockroaches
  11 goblins
  14 hobgoblins
  2 jackals (D:3)
  2 quokkas
  3 frilled lizards (D:1)
  A goblin skeleton (D:11)
  A goblin zombie (D:11)
  A hobgoblin skeleton (D:11)
  2 hobgoblin zombies (D:11)
  A kobold (shapeshifter) (Depths:2)
  18 kobolds
  An orc skeleton (D:11)
  19 orc zombies (D:11)
  5 rats
  A butterfly (D:10)
2257 creatures vanquished.

Vanquished Creatures (collateral kills)
  A tentacled monstrosity (Zot:1)
  An Executioner (Depths:1)
  A fire giant (Depths:3)
  A crystal guardian (Vaults:3)
4 creatures vanquished.

Vanquished Creatures (others)
  A fire giant (Vaults:5)
  A ghost moth (Zot:3)
  A very ugly thing (Vaults:5)
  A bloated husk (Swamp:1)
  A small abomination (Abyss:3)
  2 orc warriors
  A howler monkey simulacrum (D:10)
  An orc (Orc:2)
  49 fire vortices
  18 foxfires
  2 lurking horrors (Abyss:2)
78 creatures vanquished.

Grand Total: 2339 creatures vanquished

Notes
Turn   | Place    | Note
-------+----------+-------------------------------------------
     0 | D:1      | browni3141 the Vine Stalker Fire Elementalist began the
                  | quest for the Orb.
     0 | D:1      | Reached XP level 1. HP: 9/9 MP: 4/4
   141 | D:1      | Reached XP level 2. HP: 14/14 MP: 6/6
   241 | D:1      | Reached skill level 2 in Conjurations
   446 | D:1      | Learned a level 2 spell: Scorch
   671 | D:2      | Reached XP level 3. HP: 18/18 MP: 7/7
   699 | D:2      | Reached skill level 3 in Conjurations
   891 | D:2      | Noticed Sigmund
   911 | D:2      | Gained mutation: Your natural rate of healing is unusually
                  | fast. [Vine Stalker growth]
   911 | D:2      | Reached XP level 4. HP: 22/22 MP: 8/8
  1374 | D:2      | Killed Sigmund
  1375 | D:2      | Reached skill level 3 in Stealth
  1375 | D:2      | Reached XP level 5. HP: 25/25 MP: 9/9
  1375 | D:2      | Reached XP level 6. HP: 30/30 MP: 10/10
  1476 | D:3      | Reached skill level 3 in Spellcasting
  1924 | D:3      | Found a blossoming altar of Fedhas.
  1956 | D:3      | Found a sparkling altar of Nemelex Xobeh.
  2124 | D:4      | Noticed a black bear
  2128 | D:4      | Killed a black bear
  2188 | D:4      | You fall into a shaft and drop 2 floors!
  2224 | D:5      | Entered Level 5 of the Dungeon
  2235 | D:5      | Reached XP level 7. HP: 33/33 MP: 12/12
  2252 | D:5      | Reached skill level 4 in Conjurations
  2252 | D:5      | Reached skill level 6 in Fire Magic
  2536 | D:5      | Noticed LobsterGuardian's ghost (amateur GnMo)
  2539 | D:5      | Found a runed translucent door.
  2661 | D:5      | Gained mutation: You have razor-sharp teeth. [Vine Stalker
                  | growth]
  2661 | D:5      | Reached XP level 8. HP: 35/37 MP: 8/13
  2808 | D:5      | Found a sacrificial altar of Ru.
  2864 | D:5      | Found a glowing silver altar of Zin.
  2949 | D:5      | Killed LobsterGuardian's ghost
  3237 | D:4      | Found a stormy altar of Qazlal.
  3628 | D:6      | Reached skill level 5 in Conjurations
  3632 | D:6      | Learned a level 3 spell: Inner Flame
  3636 | D:6      | Learned a level 3 spell: Volatile Blastmotes
  3641 | D:6      | Learned a level 4 spell: Flame Wave
  3684 | D:6      | Found a staircase to the Ecumenical Temple.
  3694 | Temple   | Entered the Ecumenical Temple
  3903 | Temple   | Became a worshipper of Vehumet
  4113 | D:6      | Got the Compilation of Teratogeny and Toxicants
  4144 | D:6      | Found a runed translucent door.
  4145 | D:6      | Noticed Jase's ghost (amateur HOFi)
  4181 | D:6      | Found a hide-covered altar of Uskayaw.
  4234 | D:6      | Found a glowing golden altar of the Shining One.
  4398 | D:6      | Found a burning altar of Makhleb.
  4564 | D:7      | Noticed a wyvern
  4570 | D:7      | Killed a wyvern
  4575 | D:7      | Noticed a cyclops
  4576 | D:7      | Noticed a skeletal warrior
  4689 | D:7      | Reached skill level 6 in Conjurations
  4814 | D:7      | Found a shadowy altar of Dithmenos.
  4868 | D:7      | Noticed a white ugly thing
  4898 | D:7      | Reached XP level 9. HP: 41/41 MP: 18/18
  5115 | D:8      | Reached skill level 6 in Spellcasting
  5360 | D:8      | Killed a large slime creature
  5970 | D:7      | Reached skill level 3 in Fighting
  6001 | D:7      | Killed a white ugly thing
  6002 | D:7      | Reached skill level 6 in Stealth
  6002 | D:7      | Reached XP level 10. HP: 34/49 MP: 1/23
  6051 | D:7      | Noticed a two-headed ogre
  6077 | D:7      | Killed a cyclops
  6078 | D:7      | Reached skill level 7 in Conjurations
  6397 | D:7      | Killed a two-headed ogre
  6398 | D:7      | Reached skill level 8 in Conjurations
  6688 | D:8      | Learned a level 6 spell: Starburst
  7335 | D:8      | Noticed Grum
  7344 | D:8      | Reached * piety under Vehumet
  7344 | D:8      | Offered knowledge of Freeze by Vehumet.
  7345 | D:8      | Killed Grum
  7346 | D:8      | Reached skill level 3 in Evocations
  7632 | D:9      | Noticed a green ugly thing
  8028 | D:9      | Reached skill level 9 in Fire Magic
  8030 | D:9      | Reached XP level 11. HP: 49/56 MP: 18/24
  8032 | D:9      | Reached skill level 6 in Fighting
  8361 | D:9      | Killed a green ugly thing
  8952 | D:10     | Entered Level 10 of the Dungeon
  8958 | D:10     | Noticed Erolcha
  8968 | D:10     | Found a white marble altar of Elyvilon.
  9007 | D:10     | Found a flagged portal.
  9066 | Bailey   | Entered a bailey
  9253 | Bailey   | Noticed an orc knight
  9257 | Bailey   | Reached ** piety under Vehumet
  9258 | Bailey   | Offered knowledge of Kiss of Death by Vehumet.
  9259 | Bailey   | Killed an orc knight
  9311 | Bailey   | Reached skill level 3 in Shields
  9389 | Bailey   | Acquired the +0 hat of Odghul {rPois Will+ rCorr Dex-4}
  9898 | Bailey   | Found an iron altar of Okawaru.
 10011 | Bailey   | Acquired 697 gold pieces
 10328 | D:10     | Noticed a two-headed ogre
 10328 | D:10     | Noticed Josephine
 10453 | D:10     | Noticed a two-headed ogre
 10477 | D:10     | Killed a two-headed ogre
 10477 | D:10     | Offered knowledge of Momentum Strike by Vehumet.
 10607 | D:10     | Reached skill level 3 in Armour
 10630 | D:10     | Noticed a fire dragon
 10812 | D:11     | Found a frozen archway.
 10907 | IceCv    | Entered an ice cave
 10907 | IceCv    | Noticed a white ugly thing
 10943 | D:11     | Reached *** piety under Vehumet
 10955 | D:11     | Offered knowledge of Stone Arrow by Vehumet.
 10969 | D:11     | Reached XP level 12. HP: 39/61 MP: 2/25
 11083 | D:10     | Noticed Fannar
 11084 | D:11     | Found Qyro's General Store.
 11087 | D:11     | Bought a potion of lignification for 51 gold pieces
 11087 | D:11     | Bought a book of Lightning for 578 gold pieces
 11094 | D:11     | Learned a level 6 spell: Plasma Beam
 11112 | D:11     | Found a staircase to the Orcish Mines.
 11122 | Orc:1    | Entered Level 1 of the Orcish Mines
 11122 | Orc:1    | Found Nuwo's General Store.
 11172 | Orc:1    | Reached **** piety under Vehumet
 11241 | Orc:1    | Bought a ring of fire for 325 gold pieces
 11396 | Orc:1    | Noticed Maurice
 11409 | Orc:1    | Killed Maurice
 11657 | Orc:2    | Entered Level 2 of the Orcish Mines
 11659 | Orc:2    | Noticed a sun demon
 11661 | Orc:2    | Reached skill level 3 in Air Magic
 11676 | Orc:2    | Offered knowledge of Hailstorm by Vehumet.
 11699 | Orc:2    | Noticed a two-headed ogre
 11705 | Orc:2    | Killed a two-headed ogre
 11741 | Orc:2    | Noticed a two-headed ogre
 11864 | Orc:2    | Noticed an ogre mage
 11892 | Orc:2    | Noticed a two-headed ogre
 11906 | Orc:2    | Killed a two-headed ogre
 11907 | Orc:2    | Reached skill level 12 in Fire Magic
 11974 | Orc:2    | Killed a two-headed ogre
 11994 | Orc:2    | Noticed a two-headed ogre
 12000 | Orc:2    | Killed a two-headed ogre
 12001 | Orc:2    | Reached skill level 6 in Air Magic
 12117 | Orc:2    | Noticed an ettin
 12169 | Orc:2    | Noticed a two-headed ogre
 12179 | Orc:2    | Killed a two-headed ogre
 12180 | Orc:2    | Noticed a two-headed ogre
 12259 | Orc:2    | Killed a two-headed ogre
 12296 | Orc:2    | Killed an ettin
 12309 | Orc:2    | Noticed Saint Roka
 12314 | Orc:1    | Reached XP level 13. HP: 22/65 MP: 2/26
 12535 | D:11     | Found a staircase to the Lair.
 12634 | D:11     | Reached ***** piety under Vehumet
 12634 | D:11     | Offered knowledge of Iskenderun's Battlesphere by Vehumet.
 12655 | D:11     | Learned a level 5 spell: Iskenderun's Battlesphere
 12782 | Lair:1   | Entered Level 1 of the Lair of Beasts
 12782 | Lair:1   | Noticed Urug
 12785 | Lair:1   | Killed Urug
 12786 | Lair:1   | Reached skill level 3 in Dodging
 12786 | Lair:1   | Reached skill level 9 in Spellcasting
 13406 | Lair:1   | Found a blossoming altar of Fedhas.
 13426 | Lair:1   | You fall into a shaft and drop 1 floor!
 14308 | Lair:2   | Noticed Gastronok
 14432 | Lair:2   | Killed Gastronok
 14433 | Lair:2   | Reached skill level 6 in Shields
 14723 | Lair:2   | Found a transporter.
 14829 | Lair:2   | Found a staircase to the Swamp.
 14966 | Lair:2   | Found a hole to the Spider Nest.
 14976 | Lair:2   | Noticed Haraddelas's ghost (journeyman OpTm)
 14985 | Lair:2   | Found a transporter.
 14991 | Lair:2   | Identified the +11 hand axe of Entrepreneurial Spirit
                  | {antimagic, *Noise rElec Str+3}
 15456 | Lair:2   | Killed Haraddelas's ghost
 15520 | Lair:3   | Noticed Amaemon
 15522 | Lair:3   | Noticed Kirke
 15749 | Lair:2   | Killed Kirke
 15772 | Lair:3   | Killed Amaemon
 15772 | Lair:3   | Offered knowledge of Conjure Ball Lightning by Vehumet.
 15773 | Lair:3   | Reached XP level 14. HP: 65/72 MP: 8/29
 16153 | Lair:3   | Noticed Nessos
 16168 | Lair:3   | Killed Nessos
 16543 | Lair:3   | Reached skill level 6 in Armour
 17200 | Lair:4   | Found a viscous altar of Jiyva.
 17200 | Lair:4   | Found a staircase to the Slime Pits.
 18022 | Lair:5   | Entered Level 5 of the Lair of Beasts
 18176 | Lair:5   | Learned a level 2 spell: Blink
 19010 | Lair:5   | Reached skill level 3 in Translocations
 19120 | Lair:5   | Reached XP level 15. HP: 74/77 MP: 22/30
 19121 | Lair:5   | Reached skill level 9 in Conjurations
 19121 | Lair:5   | Reached skill level 9 in Air Magic
 20188 | D:10     | Found an iron altar of Okawaru.
 20271 | D:10     | Killed Fannar
 20685 | D:10     | Reached skill level 9 in Shields
 20905 | D:10     | Killed Erolcha
 20976 | D:10     | Killed Josephine
 21283 | D:10     | Noticed a storm dragon
 21286 | D:10     | Killed a storm dragon
 21854 | D:7      | Found a shadowy altar of Dithmenos.
 22326 | D:6      | Killed Jase's ghost
 22492 | D:10     | Found an iron altar of Okawaru.
 22579 | D:10     | Found a white marble altar of Elyvilon.
 23902 | Orc:2    | Found a transporter.
 23934 | Orc:2    | Killed Saint Roka
 24102 | Orc:2    | Found a staircase to the Elven Halls.
 24110 | Orc:2    | Found Veetwaorph's Antique Armour Emporium.
 24112 | Orc:2    | Found Uroidybb's Distillery.
 24118 | Orc:2    | Bought a heavily runed kite shield for 304 gold pieces
 24118 | Orc:2    | Identified the +0 kite shield "Soiruido" {Contam Harm
                  | rElec} (You bought it in a shop on level 2 of the Orcish
                  | Mines)
 24120 | Orc:2    | Found Sieculik's Antique Armour Shoppe.
 24121 | Orc:2    | Found Ytesuapo's Antique Armour Emporium.
 24123 | Orc:2    | Bought a potion of mutation for 104 gold pieces
 24123 | Orc:2    | Bought a potion of attraction for 39 gold pieces
 24123 | Orc:2    | Bought a potion of cancellation for 104 gold pieces
 24123 | Orc:2    | Bought a potion of magic for 104 gold pieces
 24134 | Orc:2    | Bought a dazzling scarf for 330 gold pieces
 24134 | Orc:2    | Identified the scarf of Risemuom {+Inv, rCorr Stlth+} (You
                  | bought it in a shop on level 2 of the Orcish Mines)
 24134 | Orc:2    | Bought a brightly glowing scale mail for 297 gold pieces
 24134 | Orc:2    | Identified the +5 scale mail "Buxor" {+Blink rC- Will-
                  | Dex+8} (You bought it in a shop on level 2 of the Orcish
                  | Mines)
 24177 | Orc:2    | Bought a pair of glowing gloves for 247 gold pieces
 24458 | Orc:2    | Found a transporter.
 24524 | Orc:2    | Noticed bungle's ghost (journeyman MiBe)
 24526 | Orc:2    | Reached ****** piety under Vehumet
 24536 | Orc:2    | Killed bungle's ghost
 24555 | Orc:2    | Identified the +1 pair of gloves "Carphais" {rPois rN+
                  | Will+ MP+9}
 25074 | D:12     | Reached skill level 12 in Shields
 26255 | D:13     | Reached XP level 16. HP: 79/81 MP: 31/31
 26255 | D:13     | Offered knowledge of Fireball by Vehumet.
 26866 | D:13     | Found a gate to the Vaults.
 27108 | D:14     | Noticed Lodul
 27109 | D:14     | Killed Lodul
 27393 | D:14     | Reached skill level 12 in Spellcasting
 27399 | D:14     | Learned a level 5 spell: Fireball
 27923 | D:14     | Noticed Jorgrun
 27925 | D:14     | Killed Jorgrun
 28245 | D:14     | Learned a level 4 spell: Passage of Golubria
 28252 | D:14     | Identified the amulet of Vanity {Faith rN+}
 28261 | D:14     | Identified the +0 ring mail of Sif Muna's Delight {rElec
                  | rCorr}
 28335 | D:15     | Entered Level 15 of the Dungeon
 28365 | D:15     | Identified the +9 sling "Mistroro" {flame, Str+3}
 28368 | D:15     | Offered knowledge of Ozocubu's Refrigeration by Vehumet.
 28382 | D:15     | Found Buxunamp's Magic Scroll Shop.
 28637 | D:15     | Bought a scroll of immolation for 44 gold pieces
 28637 | D:15     | Bought a scroll of blinking for 82 gold pieces
 28637 | D:15     | Bought a scroll of fear for 44 gold pieces
 28637 | D:15     | Bought a scroll of teleportation for 33 gold pieces
 28638 | D:15     | Bought 3 scrolls of identify for 66 gold pieces
 28642 | D:15     | Bought a scroll of identify for 22 gold pieces
 29007 | D:15     | Reached skill level 6 in Translocations
 29082 | D:15     | Found a staircase to the Depths.
 29088 | D:15     | Found Niarr's Antique Armour Shoppe.
 29136 | D:15     | Found a transporter.
 29148 | D:15     | Found Asuaweq's Distillery.
 29300 | D:15     | Found a transporter.
 29327 | D:15     | Bought a potion of magic for 128 gold pieces
 29327 | D:15     | Bought a potion of brilliance for 64 gold pieces
 29327 | D:15     | Bought a potion of invisibility for 128 gold pieces
 29327 | D:15     | Bought a potion of haste for 160 gold pieces
 29327 | D:15     | Bought 2 potions of resistance for 320 gold pieces
 29477 | Spider:1 | Entered Level 1 of the Spider Nest
 29483 | Spider:1 | Reached XP level 17. HP: 81/85 MP: 23/36
 30401 | Spider:1 | Offered knowledge of Freezing Cloud by Vehumet.
 30821 | Spider:1 | You fall into a shaft and drop 1 floor!
 32632 | Spider:2 | Offered knowledge of Orb of Destruction by Vehumet.
 32908 | Spider:2 | Identified the +3 scale mail "Zimuusogy" {rN+ Regen+ Int+2}
 33805 | Spider:3 | Reached skill level 15 in Shields
 33825 | Spider:3 | Reached XP level 18. HP: 90/90 MP: 9/37
 34577 | Spider:4 | Entered Level 4 of the Spider Nest
 34584 | Spider:4 | Reached skill level 15 in Fire Magic
 35748 | Spider:4 | Offered knowledge of Lehudib's Crystal Spear by Vehumet.
 37426 | Spider:4 | Identified the +3 pair of gloves of the Writhing Gods
                  | {rPois Str+3}
 37438 | Spider:4 | Got a gossamer rune of Zot
 37901 | Swamp:1  | Entered Level 1 of the Swamp
 38130 | Swamp:1  | You fall into a shaft and drop 1 floor!
 39748 | Swamp:3  | Reached XP level 19. HP: 93/93 MP: 38/38
 40339 | Swamp:3  | Found a transporter.
 40381 | Swamp:3  | Found a transporter.
 40895 | Swamp:3  | Identified the ring "Jyod" {Will++ MP+9 Str+5 Dex-4}
 40900 | Swamp:3  | Identified the +0 pair of gloves of Lucidity {rC+ rN+
                  | Dex+2}
 41031 | Swamp:4  | Entered Level 4 of the Swamp
 41054 | Swamp:4  | Reached skill level 18 in Fire Magic
 41054 | Swamp:4  | Noticed Mlioglotl
 41060 | Swamp:4  | Killed Mlioglotl
 41621 | Swamp:4  | Offered knowledge of Shatter by Vehumet.
 41621 | Swamp:4  | Offered knowledge of Ignition by Vehumet.
 41621 | Swamp:4  | Offered knowledge of Maxwell's Capacitive Coupling by
                  | Vehumet.
 41737 | Swamp:4  | Got a decaying rune of Zot
 42161 | Slime:1  | Entered Level 1 of the Pits of Slime
 42434 | Vaults:1 | Entered Level 1 of the Vaults
 42486 | Vaults:1 | Found Asewath's Book Shoppe.
 42716 | Vaults:1 | Reached skill level 9 in Fighting
 44162 | Vaults:1 | Reached skill level 15 in Spellcasting
 44162 | Vaults:1 | Reached XP level 20. HP: 59/101 MP: 8/40
 44616 | Vaults:1 | Learned a level 8 spell: Ignition
 45843 | Vaults:2 | Acquired the Compendium of Evil Blasts
 45847 | Vaults:2 | Noticed Nikola
 45851 | Vaults:2 | Killed Nikola
 46056 | Vaults:2 | You fall into a shaft and drop 2 floors!
 47847 | Vaults:4 | Reached XP level 21. HP: 107/107 MP: 40/42
 48415 | Vaults:4 | Reached skill level 18 in Shields
 49096 | Vaults:3 | Found a staircase to the Crypt.
 49308 | Vaults:2 | Reached skill level 6 in Evocations
 50361 | Depths:1 | Entered Level 1 of the Depths
 50361 | Depths:1 | Noticed Aizul
 50365 | Depths:1 | Killed Aizul
 50578 | Depths:1 | Identified the +0 hat of Rualiad {Str+2 Dex+3}
 50588 | Depths:1 | Found a radiant altar of Vehumet.
 50594 | Depths:1 | Identified the +0 robe "Vablohy" {Will+}
 50668 | Depths:1 | Found a flickering gateway to a bazaar.
 50684 | Bazaar   | Entered a bazaar
 50684 | Bazaar   | Found Pehas's General Store.
 50684 | Bazaar   | Found Reqegg's Book Shop.
 50684 | Bazaar   | Found Ziroysel's General Store.
 50703 | Bazaar   | Found Xug Vuakk's Assorted Antiques.
 50703 | Bazaar   | Found Loimen's Magic Scroll Boutique.
 50737 | Bazaar   | Bought a wand of roots (5) for 96 gold pieces
 50737 | Bazaar   | Bought 6 curare-tipped darts for 57 gold pieces
 50740 | Bazaar   | Bought a book of Annihilations for 840 gold pieces
 50743 | Bazaar   | Bought a scroll of vulnerability for 64 gold pieces
 50743 | Bazaar   | Bought a scroll of blinking for 120 gold pieces
 50743 | Bazaar   | Bought a scroll of fear for 64 gold pieces
 51080 | Depths:1 | Found Wonef's Magic Scroll Shoppe.
 51092 | Depths:1 | Bought a scroll of magic mapping for 150 gold pieces
 51092 | Depths:1 | Bought a scroll of blinking for 150 gold pieces
 51181 | Depths:1 | Found a gateway to Hell.
 51322 | Depths:1 | Found Zaczuef's Magic Scroll Shoppe.
 51492 | Depths:1 | Found Juppipec's Armour Emporium.
 51493 | Depths:1 | Found Muhal's Book Shoppe.
 51767 | Depths:2 | Reached skill level 10 in Conjurations
 51768 | Depths:2 | Found a one-way gate leading to the halls of Pandemonium.
 52056 | Depths:2 | Reached skill level 11 in Conjurations
 52088 | Depths:2 | Reached XP level 22. HP: 91/111 MP: 8/43
 52251 | Depths:2 | Noticed a golden dragon
 52273 | Depths:2 | Killed a golden dragon
 52597 | Depths:2 | Found a portal to a secret trove of treasure.
 52655 | Depths:2 | Noticed a golden dragon
 52656 | Depths:2 | Reached skill level 12 in Conjurations
 52659 | Depths:2 | Killed a golden dragon
 52795 | Depths:2 | Identified the +5 chain mail of Weightlessness {Int+6}
 52796 | Depths:2 | Got the Enchiridion on the Unstable Band
 53088 | Depths:2 | Reached skill level 13 in Conjurations
 53492 | Depths:2 | Found a bloodstained altar of Trog.
 53495 | Depths:2 | Noticed Amikeex's ghost (adept TrMo)
 53499 | Depths:2 | Found a transporter.
 53503 | Depths:2 | Found a transporter.
 53503 | Depths:2 | Noticed a juggernaut
 53684 | Depths:2 | Found an ancient bone altar of Kikubaaqudgha.
 54179 | Depths:2 | You paid a toll of +4 ice dragon scales to enter a treasure
                  | trove
 54180 | Trove    | Entered a treasure trove
 54184 | Trove    | Identified the +1 plate armour of Atheism {*Slow rC+
                  | Will++}
 54185 | Trove    | Identified the +0 pair of boots of the Ward {Str+2}
 54199 | Trove    | Identified the +0 kite shield of Claustrophobia {rN+}
 54200 | Trove    | Identified the +1 cloak "Saot" {rF++}
 54222 | Trove    | Identified the +0 pair of boots of the Hart {Drain Regen+
                  | Int+3}
 54241 | Trove    | Identified the +7 tower shield "Woepn" {rElec rF+ Dex-5}
 54255 | Trove    | Found the +10 tower shield of Ignorance {rN+ Int-4}
 54260 | Trove    | Identified the +4 pair of gloves of Hairiness {rPois rC-
                  | Int+6 Stlth+}
 54354 | Depths:3 | Noticed a dread lich
 54354 | Depths:3 | Found a one-way gateway to a ziggurat.
 54563 | Depths:3 | Found a one-way gate to the infinite horrors of the Abyss.
 54574 | Depths:3 | Killed a dread lich
 54575 | Depths:3 | Reached skill level 14 in Conjurations
 54588 | Depths:3 | Noticed a caustic shrike
 54595 | Depths:2 | Killed a caustic shrike
 54803 | Depths:3 | Noticed a golden dragon
 54809 | Depths:3 | Killed a golden dragon
 55672 | Depths:3 | Identified the staff of poison "Xucaroco" {Fragile rPois
                  | Dex+4}
 55753 | Depths:3 | Identified the +0 chain mail of Kaga {rF+ Int+2}
 56035 | Depths:3 | Identified the +3 scale mail of the Assorted Mystics {rPois
                  | rC+ Regen+}
 56389 | Depths:4 | Entered Level 4 of the Depths
 56391 | Depths:4 | Reached XP level 23. HP: 118/118 MP: 45/45
 56458 | Depths:4 | Noticed a golden dragon
 56459 | Depths:4 | Noticed a juggernaut
 56459 | Depths:4 | Noticed a golden dragon
 56462 | Depths:4 | Noticed a golden dragon
 56573 | Depths:4 | Noticed Boris
 56910 | Depths:4 | Killed Boris
 56911 | Depths:4 | Reached skill level 12 in Fighting
 56911 | Depths:4 | Killed a golden dragon
 56920 | Depths:4 | Killed a golden dragon
 56921 | Depths:4 | Reached skill level 6 in Dodging
 57095 | Depths:4 | Killed a golden dragon
 57506 | Depths:4 | Killed a juggernaut
 57561 | Depths:4 | Identified the +6 dagger of the Wary Nightingales {freeze,
                  | +Blink}
 57913 | Depths:4 | Found a gate to the Realm of Zot.
 57945 | Depths:4 | Found a glowing golden altar of the Shining One.
 58281 | Slime:1  | Noticed Donald
 58287 | Slime:1  | Killed Donald
 59328 | Slime:3  | Reached skill level 18 in Spellcasting
 59807 | Slime:5  | Entered Level 5 of the Pits of Slime
 60700 | Slime:5  | Gained mutation: You sometimes lose your temper in combat.
                  | [a shining eye]
 60875 | Slime:5  | Reached XP level 24. HP: 129/129 MP: 41/46
 60877 | Slime:5  | Noticed the Royal Jelly
 60879 | Slime:5  | Killed the Royal Jelly
 61412 | Slime:5  | Identified the staff of death "Pilalum" {rN+ Int+4 Dex+2}
 61426 | Slime:5  | Identified the staff of air "Mukkeonn" {rElec Str+4}
 61431 | Slime:5  | Identified the +3 falchion "Vierghuo" {venom, Str+2 Int+3}
 61436 | Slime:5  | Got a slimy rune of Zot
 61448 | Slime:5  | Identified the +4 scale mail of Pride {rF+}
 61466 | Slime:5  | Identified the ring of Alaer {Contam rF+ rC+++ Will+ Str+2}
 61490 | Slime:5  | Got the Precepts of the Amorphous Icicle
 61499 | Slime:5  | Identified the +6 hand axe of Subterfuge {holy, rPois rC+}
 62093 | Depths:2 | Learned a level 9 spell: Fire Storm
 62445 | Vaults:3 | Noticed a dread lich
 62448 | Vaults:3 | Identified the +6 leather armour of Fun and Games {MP-9
                  | Dex+2 Slay+4}
 62448 | Vaults:3 | Identified the ring "Tecsets" {Str+6 Int+3}
 62879 | Vaults:4 | Killed a dread lich
 63122 | Vaults:3 | Identified the ring "Nare" {Will+ SInv}
 64013 | Vaults:3 | Identified the +0 pair of gloves "Weuraod" {rElec rPois
                  | Int-2 Dex+4}
 64192 | Vaults:5 | Entered Level 5 of the Vaults
 64194 | Vaults:5 | Reached skill level 15 in Fighting
 64205 | Vaults:5 | Reached skill level 15 in Conjurations
 64215 | Vaults:5 | Identified the amulet "Woll" {rElec Regen+ Str+4 Int+3}
 64234 | Vaults:5 | Reached skill level 21 in Fire Magic
 64238 | Vaults:5 | Reached XP level 25. HP: 118/135 MP: 46/46
 64246 | Vaults:5 | Noticed Boris
 64502 | Vaults:5 | Killed Boris
 64503 | Vaults:5 | Reached skill level 16 in Conjurations
 64727 | Vaults:5 | Noticed an ancient lich
 64733 | Vaults:5 | Killed an ancient lich
 65124 | Vaults:5 | Identified the staff of earth "Ivvucaf" {*Corrode MP+9
                  | Dex+4}
 65188 | Vaults:5 | Identified the +7 mace of the Head {vamp, *Noise rN+ Int+3}
 65193 | Vaults:5 | Identified the ring "Uhuet" {rC+ Int+6 Dex-4 Stlth+}
 65405 | Vaults:5 | Identified the +0 short sword of Kevvogga {drain, *Slow
                  | rElec rF++ MP+9}
 65411 | Vaults:5 | Got a silver rune of Zot
 65483 | Vaults:5 | Found Uninum's Antique Armour Shoppe.
 65514 | Vaults:5 | Identified the +5 hand axe "Fyatry Ubryl" {holy, Dex+3}
 66371 | Depths:1 | Bought a book of the Spheres for 972 gold pieces
 66411 | Depths:3 | Voluntarily entered the Abyss.
 66419 | Abyss:1  | Found a corrupted altar of Lugonu.
 66498 | Abyss:2  | Found a corrupted altar of Lugonu.
 66524 | Abyss:2  | Found a candlelit altar of Ignis.
 66540 | Abyss:2  | Found a corrupted altar of Lugonu.
 66542 | Abyss:2  | Found a corrupted altar of Lugonu.
 66542 | Abyss:2  | Found a corrupted altar of Lugonu.
 66594 | Abyss:2  | Found a corrupted altar of Lugonu.
 66598 | Abyss:2  | Found a corrupted altar of Lugonu.
 66610 | Abyss:2  | Found a corrupted altar of Lugonu.
 66611 | Abyss:2  | Found a corrupted altar of Lugonu.
 66635 | Abyss:2  | Found a corrupted altar of Lugonu.
 66796 | Abyss:2  | Found a corrupted altar of Lugonu.
 66869 | Abyss:2  | Found a corrupted altar of Lugonu.
 66993 | Depths:3 | Escaped the Abyss
 67160 | Depths:3 | Voluntarily entered the Abyss.
 67166 | Abyss:2  | Found a corrupted altar of Lugonu.
 67354 | Abyss:3  | Gained mutation: You are dopey. (Int -2) [a neqoxec]
 67360 | Abyss:3  | Noticed an ancient lich
 67554 | Abyss:3  | Noticed a dread lich
 67696 | Abyss:3  | Gained mutation: You are clumsy. (Dex -2) [a neqoxec]
 67697 | Abyss:3  | Gained mutation: You have an uncontrollable temper. [a
                  | neqoxec]
 67704 | Abyss:3  | Reached skill level 17 in Conjurations
 67909 | Depths:3 | Escaped the Abyss
 68209 | Depths:3 | Lost mutation: You are clumsy. (Dex -2) [potion of
                  | mutation]
 68209 | Depths:3 | Lost mutation: You are dopey. (Int -2) [potion of mutation]
 68209 | Depths:3 | Gained mutation: You are strong-willed. (Will+) [potion of
                  | mutation]
 68210 | Depths:3 | Lost mutation: You are strong-willed. (Will+) [potion of
                  | mutation]
 68210 | Depths:3 | Lost mutation: You have an uncontrollable temper. [potion
                  | of mutation]
 68210 | Depths:3 | Gained mutation: Your body sometimes deteriorates upon
                  | taking damage. [potion of mutation]
 68210 | Depths:3 | Gained mutation: You occasionally lose the ability to drink
                  | potions when taking damage. [potion of mutation]
 68211 | Depths:3 | Lost mutation: You occasionally lose the ability to drink
                  | potions when taking damage. [potion of mutation]
 68211 | Depths:3 | Lost mutation: Your body sometimes deteriorates upon taking
                  | damage. [potion of mutation]
 68211 | Depths:3 | Gained mutation: Armour fits poorly on your strangely
                  | shaped body. [potion of mutation]
 68211 | Depths:3 | Gained mutation: A frigid envelope surrounds you and
                  | freezes all who hurt you. [potion of mutation]
 68211 | Depths:3 | Gained mutation: You have sharp fingernails. [potion of
                  | mutation]
 68212 | Depths:3 | Lost mutation: You have sharp fingernails. [potion of
                  | mutation]
 68212 | Depths:3 | Lost mutation: A frigid envelope surrounds you and freezes
                  | all who hurt you. [potion of mutation]
 68212 | Depths:3 | Gained mutation: Your system is resistant to poisons.
                  | (rPois) [potion of mutation]
 68212 | Depths:3 | Gained mutation: You are agile. (Dex +4, Str/Int -1)
                  | [potion of mutation]
 68213 | Depths:3 | Lost mutation: Armour fits poorly on your strangely shaped
                  | body. [potion of mutation]
 68213 | Depths:3 | Lost mutation: You are agile. (Dex +4, Str/Int -1) [potion
                  | of mutation]
 68214 | Depths:3 | Lost mutation: Your system is resistant to poisons. (rPois)
                  | [potion of mutation]
 68214 | Depths:3 | Lost mutation: You sometimes lose your temper in combat.
                  | [potion of mutation]
 68214 | Depths:3 | Gained mutation: You have supernaturally acute eyesight.
                  | (SInv) [potion of mutation]
 68214 | Depths:3 | Gained mutation: Your spells are a little harder to cast,
                  | but a little more powerful. [potion of mutation]
 68269 | Zot:1    | Entered Level 1 of the Realm of Zot
 69044 | Zot:1    | Reached skill level 18 in Conjurations
 69424 | Zot:1    | Identified the +2 leather armour of Ihoohera {rN+++ Dex+5
                  | Stlth-}
 69563 | Zot:2    | Reached XP level 26. HP: 131/140 MP: 28/47
 70834 | Zot:3    | Noticed Parghit
 70847 | Zot:3    | Killed Parghit
 70848 | Zot:3    | Reached skill level 19 in Conjurations
 71054 | Zot:3    | You fall into a shaft and drop 1 floor!
 71810 | Zot:3    | Noticed an orb of fire
 71812 | Zot:3    | Gained mutation: You are frail. (-10% HP) [an orb of fire]
 72038 | Zot:3    | Gained mutation: You are occasionally teleported next to
                  | monsters. [an orb of fire]
 72043 | Zot:3    | Gained mutation: You have large cloven feet. [an orb of
                  | fire]
 72043 | Zot:3    | Gained mutation: Your body sometimes deteriorates upon
                  | taking damage. [an orb of fire]
 72044 | Zot:3    | Killed an orb of fire
 72051 | Zot:3    | Lost mutation: You are occasionally teleported next to
                  | monsters. [potion of mutation]
 72051 | Zot:3    | Lost mutation: You are frail. (-10% HP) [potion of
                  | mutation]
 72051 | Zot:3    | Lost mutation: Your body sometimes deteriorates upon taking
                  | damage. [potion of mutation]
 72051 | Zot:3    | Lost mutation: Your spells are a little harder to cast, but
                  | a little more powerful. [potion of mutation]
 72051 | Zot:3    | Gained mutation: You have hidden genetic defects. [potion
                  | of mutation]
 73216 | Zot:4    | Reached skill level 20 in Conjurations
 73797 | Zot:5    | Entered Level 5 of the Realm of Zot
 73975 | Zot:5    | Noticed a dread lich
 73983 | Zot:5    | Killed a dread lich
 73996 | Zot:5    | Gained mutation: Your spells are a little easier to cast,
                  | but a little less powerful. [hidden defects]
 74356 | Zot:5    | Noticed a Killer Klown
 74368 | Zot:5    | Killed a Killer Klown
 75758 | Zot:5    | Noticed an orb of fire
 75758 | Zot:5    | Noticed an ancient lich
 75768 | Zot:5    | Reached skill level 21 in Spellcasting
 75768 | Zot:5    | Reached skill level 21 in Conjurations
 75769 | Zot:5    | Killed an orb of fire
 75771 | Zot:5    | Noticed an orb of fire
 75777 | Zot:5    | Killed an ancient lich
 75778 | Zot:5    | Reached XP level 27. HP: 135/144 MP: 13/49
 75779 | Zot:5    | Killed an ancient lich
 75779 | Zot:5    | Killed an ancient lich
 75779 | Zot:5    | Killed a dread lich
 75781 | Zot:5    | Killed an orb of fire
 75781 | Zot:5    | Gained mutation: You are clumsy. (Dex -2) [hidden defects]
 75781 | Zot:5    | Lost mutation: You have hidden genetic defects. [hidden
                  | defects expressed]
 75783 | Zot:5    | Noticed an orb of fire
 75785 | Zot:5    | Killed an orb of fire
 75788 | Zot:5    | Killed an orb of fire
 75790 | Zot:5    | Noticed an ancient lich
 75801 | Zot:5    | Killed an ancient lich
 75802 | Zot:5    | Reached skill level 22 in Conjurations
 75806 | Zot:5    | Killed an ancient lich
 75807 | Zot:5    | Noticed an ancient lich
 75817 | Zot:5    | Noticed a dread lich
 75819 | Zot:5    | Killed an ancient lich
 75819 | Zot:5    | Killed a dread lich
 75970 | Zot:5    | Gained mutation: You are very clumsy. (Dex -4) [mutagenic
                  | glow]
 75993 | Zot:5    | Gained mutation: Your magical capacity is low. (-10% MP)
                  | [mutagenic glow]
 76587 | Zot:5    | Got the Orb of Zot
 76820 | Depths:2 | Reached skill level 23 in Conjurations
 77014 | D:12     | Noticed Lucyl the pandemonium lord
 77152 | D:$      | Escaped with the Orb!

Illustrated notes

Levels and vault maps discovered:
D:1:      eino_arrival_druids_welcome, layout_basic
D:2:      layout_basic, dk_noncrumbling_2, roderic_lattice_a, uniq_sigmund
D:3:      layout_basic, mainiacjoe_overflow_two_lobes, chequers_hall_statues_y
D:4:      layout_cave_pools, lemuel_doored_altar
D:5:      layout_cave_pools, zin_statuary, nicolae_ru_path_of_blood,
          hellmonk_ghost_happy_afterlife
D:6:      layout_loops_cross, lemuel_tele_altar, nicolae_uskayaw_dance_hall,
          kennysheep_mini, minmay_temple_entry_drinking_statues,
          ebering_ghost_reflecting_pool, solitary_fountain
D:7:      cheibrodos_fzero, layout_loops_ring, mainiacjoe_overflow_catwalk,
          corexii_item_surrounded_by_moat, kennysheep_cluttered_room
D:8:      layout_loops_cross, uniq_grum
D:9:      layout_cave_pods, hangedman_abyss_or_decor_stabs,
          hellmonk_bongcloud_opening
D:10:     layout_roguey, nicolae_elyvilon_peaceful_grove, okawaru_humans,
          enter_bailey_2, nicolae_rejected_hall, uniq_erolcha, uniq_fannar,
          uniq_josephine
D:11:     layout_stronghold, lair_entry_dummy, zombieorc2_lemuel,
          portal_ice_cave_rime, nicolae_stop_n_shop_2
D:12:     layout_cave_pods
D:13:     layout_roguey, grunt_vaults_entry_fortified
D:14:     layout_loops_ring, chequers_serial_rivers_large_a, minivault_15,
          uniq_jorgrun, uniq_lodul
D:15:     hangedman_depths_entry_civil_slaughter, layout_rooms, serial_shops,
          nicolae_shop_drivethru, nicolae_shop_hallway_plus, shop,
          minmay_misc_feat_rows
Temple:   minmay_temple_curvy_loop
Lair:1:   layout_cave_pods, tgw_fedhas, grunt_megastairs_4, lemuel_fruit_fields,
          uniq_urug
Lair:2:   layout_cellular_growth, skrybe_swamp_entry_bodies, dummy_spider_entry,
          gammafunk_ghost_arena, serial_bayou_shore_b, grunt_megastairs_2,
          uniq_gastronok
Lair:3:   layout_regular_city, uniq_kirke, uniq_amaemon, uniq_nessos
Lair:4:   layout_roguey, dpeg_slime_entry_corner, st_stairs_8,
          grunt_forest_small_clearing_treed, lemuel_fruit_fields
Lair:5:   evilmike_catoblepas_cave, layout_hall_layers
Swamp:1:  layout_falls_marsh, hangedman_swamp_ruin_wall
Swamp:2:  layout_basic_swamp, serial_swamp_ruin, evilmike_swamp_ruin_rubble_1,
          evilmike_swamp_ruin_house_2
Swamp:3:  gammafunk_worm_tunnel, layout_basic_swamp, evilmike_swamp_ruin_house_4
Swamp:4:  swamp_alternative, layout_basic_swamp, uniq_mlioglotl
Spider:1: layout_cave_pods, hangedman_spider_tarantella_strand
Spider:2: spiders_nest_scorpion_pit, nicolae_spider_moth_buddies
Spider:3: layout_spider_delve
Spider:4: hellmonk_spider_rune_endless_swarm
Slime:1:  layout_caves, uniq_donald
Slime:2:  layout_caves
Slime:3:  layout_caves
Slime:4:  layout_caves
Slime:5
Orc:1:    layout_caves, serial_shops, nicolae_shop_just_a_little_nook,
          uniq_maurice
Orc:2:    st_orc_open, layout_diamond_mine, gammafunk_ghost_berserking_beasts,
          basic_altar, nicolae_orc_pool_cavern, uniq_saint_roka
Vaults:1: nicolae_vaults_network_quinsquares
          [nicolae_vaults_network_quincunx_subvault,
          nicolae_vaults_network_quincunx_subvault,
          nicolae_vaults_network_quincunx_subvault,
          nicolae_vaults_network_quincunx_subvault], hangedman_vaults_locks,
          nicolae_vaults_meeting, nicolae_vaults_oval_intersection,
          vaults_room_octagon, nicolae_vaults_diamond_1,
          nicolae_vaults_trapezoid_lopsided_2, nicolae_vaults_big_ls,
          hangedman_vaults_corner_blocks, v_misc_27,
          hangedman_vaults_restitches, hangedman_vaults_cutoff,
          nicolae_vaults_trapezoid_lopsided_3, nicolae_vaults_tetromino_Z_1,
          nicolae_vaults_trapezoid_lopsided_3, layout_vaults_ring, serial_shops,
          nicolae_shop_tiny_glass
Vaults:2: v_rooms_2, vaults_dpeg_encased_lava,
          nicolae_vaults_windows_and_doors_thing, nicolae_vaults_tetromino_Z_2,
          nicolae_vaults_murder_corner, layout_vaults_omnigrid, uniq_nikola
Vaults:3: minmay_crypt_entry_simple_box, nicolae_vaults_storing_the_good_stuff,
          nicolae_vaults_house_2, vaults_mumra_hex,
          nicolae_vaults_ellipses_ellipsis, nicolae_vaults_network_star,
          v_pattern_5, v_misc_10, hangedman_vaults_slice,
          nicolae_vaults_apartment_2, nicolae_vaults_trapezoid_lopsided_4,
          vaults_room_pool, vaults_room_grid, nicolae_vaults_rhombus_5,
          layout_vaults_big_room
Vaults:4: v_misc_33, v_misc_24, v_misc_12, grunt_vaults_trifunnel, v_misc_9,
          nicolae_vaults_trapezoid_layered, v_alt_pattern_2,
          nicolae_vaults_double_plus_1, v_misc_18,
          nicolae_vaults_big_angled_halls, nicolae_vaults_tetromino_T_1,
          vaults_room_ringed_pool, layout_vaults_maze
Vaults:5
Depths:1: layout_roguey, serial_shops, bzr_entry_safe, shop,
          nicolae_shop_tiny_statue_garden, shop, shop, hell_entry,
          minmay_misc_feat_hallway, grunt_tower_of_power, uniq_aizul
Depths:2: minmay_the_grid_four_pointed_star
          [minmay_the_grid_triangle_9x9_longest,
          minmay_the_grid_triangle_9x9_negative_grid,
          minmay_the_grid_triangle_9x9_dagger,
          minmay_the_grid_triangle_9x9_warning,
          minmay_the_grid_prize_shrinking_boxes], layout_small_grid,
          kiku_gazebo_garden_becter, rand_demon_pan_entry_1, enter_trove_6,
          hell_entry, gammafunk_ghost_wrathful_warriors,
          chequers_serial_rivers_micro_a, minmay_three_doors
Depths:3: minmay_chopped_fan, layout_cross, enter_ziggurat_d,
          abyss_entry_glasseish, serial_bayou_shore_a, lightli_too_deep
Depths:4: evilmike_zot_entry_diamond, layout_cave_pools, hangedman_coc_ice_floe,
          tso_oasis_becter, uniq_boris
Zot:1:    kennysheep_bubbly, layout_misc_corridors, drop_trap
Zot:2:    layout_onion_interference
Zot:3:    layout_gridville, grunt_megastairs_5, uniq_josephina, uniq_parghit
Zot:4:    layout_gridlike
Zot:5:    layout_onion, skrybe_zot_glass_2

Skill      XL: |  1  2  3  4  5  6  7  8  9 10 11 12 13 14 15 16 17 18 19 20 21 22 23 24 25 26 27 |
---------------+----------------------------------------------------------------------------------+-----
Fighting       | 1 4 5 6 7 8 9 10 11 14 15 | 15.0
Conjurations   | 2 3 4 6 8 9 11 14 15 18 21 23 | 23.0
Fire Magic     | 5 7 8 9 10 12 14 17 18 19 20 21 22 | 22.0
Dodging        | 2 4 5 8 |  8.0
Stealth        | 3 6 |  6.0
Spellcasting   | 3 5 8 10 14 15 16 17 18 19 21 22 | 22.0
Evocations     | 3 8 |  8.0
Shields        | 5 6 7 12 15 16 17 18 | 18.0
Armour         | 4 5 6 7 8 |  8.0
Air Magic      | 6 7 8 9 |  9.0
Translocations | 3 6 8 |  8.0

Action                     |  1- 3 |  4- 6 |  7- 9 | 10-12 | 13-15 | 16-18 | 19-21 | 22-24 | 25-27 || total
---------------------------+-------+-------+-------+-------+-------+-------+-------+-------+-------++-------
  Melee: Whip              |       |       |       |    46 |       |       |       |       |       ||    46
         Bite              |       |       |       |    23 |    56 |    46 |    52 |    40 |   186 ||   403
         Staff             |       |       |       |    21 |   159 |   121 |   117 |    67 |   446 ||   931
   Fire: Arbalest          |    43 |    71 |   140 |   141 |       |       |       |       |       ||   395
  Throw: Dart              |       |       |       |    27 |       |     1 |       |       |       ||    28
         Boomerang         |       |       |       |    26 |    12 |       |       |       |       ||    38
         Throwing net      |       |       |       |       |       |     1 |       |       |       ||     1
   Cast: Foxfire           |     6 |       |       |       |       |       |       |       |       ||     6
         Scorch            |     1 |     6 |    65 |    65 |    88 |    13 |     4 |       |     1 ||   243
         Flame Wave        |       |       |       |    45 |    16 |     4 |       |       |       ||    65
         Inner Flame       |       |       |       |    39 |    78 |     4 |     1 |       |       ||   122
         Volatile Blastmot |       |       |       |    19 |    10 |       |       |       |       ||    29
         Plasma Beam       |       |       |       |     3 |    98 |   401 |   442 |   390 |   349 ||  1683
         Iskenderun's Batt |       |       |       |       |    45 |     1 |     2 |       |     1 ||    49
         Starburst         |       |       |       |       |    37 |    48 |    27 |    15 |       ||   127
         Blink             |       |       |       |       |     2 |     3 |     5 |     6 |     5 ||    21
         Fireball          |       |       |       |       |       |    22 |    34 |    13 |    26 ||    95
         Passage of Golubr |       |       |       |       |       |     2 |       |       |       ||     2
         Ignition          |       |       |       |       |       |       |     5 |    78 |    78 ||   161
         Fire Storm        |       |       |       |       |       |       |       |       |    32 ||    32
  Evoke: Wand              |       |       |    13 |     6 |    15 |     8 |    19 |     5 |    17 ||    83
         Lightning rod     |       |       |       |       |       |     6 |       |       |     6 ||    12
         Box of beasts     |       |       |       |       |       |       |     1 |     2 |     2 ||     5
         Phantom mirror    |       |       |       |       |       |       |       |       |     2 ||     2
    Use: Scroll            |       |       |    11 |     8 |     6 |    13 |    10 |     7 |    16 ||    71
         Potion            |       |       |       |     1 |       |     3 |     1 |     2 |    17 ||    24
   Stab: Sleeping          |       |       |       |     1 |       |       |       |       |       ||     1
 Armour: Robe              |     6 |     6 |    10 |       |       |       |       |       |       ||    22
         Steam dragon scal |       |       |     3 |    43 |       |       |       |       |       ||    46
         Ring mail         |       |       |       |    47 |   144 |   175 |    83 |    21 |       ||   470
         Scale mail        |       |       |       |       |       |       |       |    39 |   344 ||   383
         Skin              |       |       |       |       |       |       |       |       |    26 ||    26
  Dodge: Dodged            |     7 |    16 |    60 |   133 |   176 |   137 |    81 |    43 |   218 ||   871
  Block: Buckler           |       |       |       |    34 |   101 |   129 |       |       |       ||   264
         Tower shield      |       |       |       |       |       |       |   210 |   237 |  1014 ||  1461
